 Dungeon Crawl Stone Soup version 0.14-a0-1519-gc5e2f7f (webtiles) character file.

239 Jenx the Ruinous (level 4, -2/24 HPs)
             Began as a Deep Elf Conjurer on Dec 16, 2013.
             Killed from afar by an orc wizard (4 damage)
             ... with a magic dart
             ... on Level 3 of the Dungeon.
             The game lasted 00:08:29 (2106 turns).

Jenx the Ruinous (Deep Elf Conjurer)                Turns: 2106, Time: 00:08:29

HP  -2/24        AC  3     Str  5      XL: 4   Next: 81%
MP   3/13        EV 13     Int 21      God:
Gold 115         SH  0     Dex 15      Spells:  3 memorised,  1 level left

rFire  . . .     SeeInvis .     a - +0 long sword
rCold  . . .     Clarity  .     p - +0 elf robe
rNeg   . . .     Conserve .     (no shield)
rPois  .         rCorr    .     (no helmet)
rElec  .         rRot     .     (no cloak)
SustAb . .       Spirit   .     j - +0 pair of dwarf gloves
rMut   .         Warding  .     (no boots)
Saprov . . .     Stasis   .     (no amulet)
                                (no ring)
                                g - ring of protection from magic

@: very slightly contaminated, somewhat resistant to hostile enchantments,
fairly stealthy
A: no striking features
a: no special abilities


You were on level 3 of the Dungeon.
You were not hungry.

You visited 1 branch of the dungeon, and saw 3 of its levels.

You collected 115 gold pieces.

Inventory:

Hand weapons
 a - a +0,+0 long sword (weapon)
 e - a +1,+1 dagger
Missiles
 n - 17 darts (quivered)
Armour
 f - a +2 buckler
 j - a +0 pair of dwarven gloves (worn)
 p - a +0 elven robe (worn)
Comestibles
 b - a bread ration
 m - a meat ration
Scrolls
 i - a scroll of enchant weapon I
 k - a scroll of amnesia
 s - 3 scrolls of remove curse
 x - 2 scrolls of teleportation {unknown}
 y - a scroll of magic mapping {unknown}
Jewellery
 g - a ring of protection from magic (left hand)
Potions
 h - a potion of heal wounds {unknown}
 l - a potion of resistance {unknown}
 o - a potion of curing {unknown}
 q - a potion of might {unknown}
 u - a potion of brilliance {unknown}
 v - 2 potions of degeneration {unknown}
 z - a potion of agility {unknown}
Books
 c - a book of Conjurations

   Spells                             Type                      Level
   *Magic Dart                        Conjuration                  1
   Searing Ray                        Conjuration                  2
   *Dazzling Spray                    Conjuration/Hexes            3
   *Iskenderun's Mystic Blast         Conjuration                  4
   Iskenderun's Battlesphere          Conjuration/Charms           4
   Fulminant Prism                    Conjuration/Hexes            5


   Skills:
 - Level 2.4 Dodging
 - Level 2.4 Stealth
 - Level 3.0 Spellcasting
 * Level 6.8 Conjurations


You had one spell level left.
You knew the following spells:

 Your Spells              Type           Power        Failure   Level  Hunger
a - Magic Dart            Conj           ####         1%          1    None
b - Dazzling Spray        Conj/Hex       ###.....     12%         3    ###....
c - Iskenderun's Mystic   Conj           ####....     10%         4    ####...


Dungeon Overview and Level Annotations

Branches:
Dungeon (3/16)

Altars:


Message History

The orc wizard points at you and mumbles some strange words.
The magic dart hits you!
Casting: Dazzling Spray
Confirm with . or Enter, or press ? or * to list all spells.
You don't have enough magic to cast that spell.
Unknown command.
The orc wizard points at you and mumbles some strange words.
The magic dart hits you!
* * * LOW HITPOINT WARNING * * *
The orc wizard casts a spell at you. The puff of frost misses you.
The scorpion is no longer blind.
The orc wizard gestures at you while chanting.
The puff of frost misses you.
The orc wizard points at you and mumbles some strange words.
The puff of frost hits you!
* * * LOW HITPOINT WARNING * * *
The orc wizard gestures at you while chanting.
The magic dart hits you!
You die...

. #.## ####..
#..... #.##.#
#.##.###.# ###
########.##.......
..# #
#...@.o.....##
#.#.#
#.######s#...#
#.#.#
#####.######.....#
....#
#.........####s..#
#.### #.###.###.#
##.## #.# #.# #.#
#.# #.## #.# #.#
#.# #..# #.# #.#
#'# ##.# #.# #.# #
#...#


You could see a scorpion and an orc wizard.

Vanquished Creatures
  7 adders (D:2)
  A giant gecko (D:1)
  An orc (D:3)
  2 ball pythons
  7 bats
  5 giant cockroaches
  10 hobgoblins
  5 jackals
  4 kobolds
  A quokka (D:2)
  2 giant newts (D:1)
  6 goblins
  7 rats
58 creatures vanquished.

Notes
Turn   | Place    | Note
--------------------------------------------------------------
     0 | D:1      | Jenx, the Deep Elf Conjurer, began the quest for the Orb.
     0 | D:1      | Reached XP level 1. HP: 10/10 MP: 5/5
   246 | D:1      | Reached XP level 2. HP: 13/15 MP: 1/8
   297 | D:1      | Reached skill level 5 in Conjurations
   648 | D:1      | Upgraded the game from 0.14-a0-1499-g388a102 to 0.14-a0-1519-gc5e2f7f
   727 | D:1      | Reached XP level 3. HP: 19/19 MP: 8/10
   732 | D:1      | Learned a level 3 spell: Dazzling Spray
  1174 | D:2      | Reached skill level 6 in Conjurations
  1199 | D:2      | Reached XP level 4. HP: 24/24 MP: 0/13
  1218 | D:2      | Learned a level 4 spell: Iskenderun's Mystic Blast
  2106 | D:3      | Killed from afar by an orc wizard

Action                   |  1- 3 |  4- 6 || total
-------------------------+-------+-------++-------
Melee: Dagger            |     3 |     1 ||     4
 Cast: Magic Dart        |    73 |    32 ||   105
       Dazzling Spray    |     3 |     5 ||     8
  Use: Scroll            |    10 |       ||    10
